 Dungeon Crawl Stone Soup version 0.28-a0-697-g47f3eba078 (webtiles) character file.

Game seed: 16681438566868061491

753 bellsore the Digger (level 7, 0/36 HPs)
             Began as a Gargoyle Earth Elementalist on Oct 24, 2021.
             Slain by Pikel (8 damage)
             ... on level 4 of the Dungeon.
             The game lasted 00:15:09 (6894 turns).

bellsore the Digger (Gargoyle Earth Elementalist)   Turns: 6894, Time: 00:15:09

Health: 0/36       AC: 10    Str: 11    XL:     7   Next: 78%
Magic:  13/14      EV: 12    Int: 18    God:
Gold:   112        SH:  0    Dex: 16    Spells: 11/15 levels left

rFire   . . .      SeeInvis .   u - +2 trident (protect)
rCold   . . .      Faith    .   (no shield)
rNeg    + . .      Spirit   .   b - +0 robe
rPois   ∞          Reflect  .   (helmet restricted)
rElec   +          Harm     .   i - +0 cloak
rCorr   .          Rampage  .   e - +0 pair of gloves
Will    .....                   (no boots)
Stlth   ++........              (no amulet)
HPRegen 0.12/turn               k - +6 ring of dexterity
MPRegen 0.14/turn               (no ring)

@: attractive
A: sickness immunity, AC +4, negative energy resistance 1, electricity
resistance, torment resistance 1, petrification resistance, horns 1, iridescent
scales 1
a: no special abilities


You were on level 4 of the Dungeon.
You visited 1 branch of the dungeon, and saw 5 of its levels.

You collected 112 gold pieces.

Inventory:

Hand Weapons
 a - a +0 whip
 l - a +0 mace
 u - a +2 trident of protection (weapon)
Missiles
 c - 100 stones
Armour
 b - a +0 robe (worn)
 e - a +0 pair of gloves (worn)
 i - a +0 cloak (worn)
Jewellery
 k - a +6 ring of dexterity (left hand)
 m - a ring of wizardry
Scrolls
 g - 4 scrolls of identify {unknown}
 n - a scroll of fog {unknown}
 o - a scroll of noise {unknown}
 p - a scroll of magic mapping {unknown}
 r - a scroll of blinking {unknown}
 s - a scroll of amnesia {unknown}
 t - 2 scrolls of enchant armour {unknown}
 v - a scroll of enchant weapon {unknown}
 w - a scroll of holy word {unknown}
Potions
 j - a potion of magic {unknown}
 q - 3 potions of curing {unknown}


   Skills:
 - Level 1.5 Dodging
 - Level 2.1 Stealth
 + Level 4.7 Spellcasting
 + Level 5.1 Conjurations
 - Level 0.7 Transmutations
 + Level 6.8 Earth Magic


You had 11 spell levels left.
You knew the following spells:

 Your Spells              Type           Power      Damage    Failure   Level
a - Sandblast             Erth           56%        2d13      1%          1
b - Stone Arrow           Conj/Erth      50%        3d10      3%          3

Your spell library contained the following spells:

 Spells                   Type           Power      Damage    Failure   Level
 Passwall                 Tmut/Erth      14%        N/A       4%          2
 Petrify                  Tmut/Erth      17%        N/A       28%         4
 Metabolic Englaciation   Hex/Ice        2%         N/A       98%         5
 Statue Form              Tmut/Erth      Unusable   N/A       N/A         6

Dungeon Overview and Level Annotations

Branches:
Dungeon (5/15)
 Temple: D:4-7

Altars:

Shops:
D:4 [(*

Annotations:
D:3 1 runed translucent door, Crazy Yiuf
D:4 3 runed translucent doors, Pikel; ytrimaz's ghost, amateur DENe


Innate Abilities, Weirdness & Mutations

You are immune to sickness and miasma.
Your stone body is resilient. (AC +4)
You are immune to poison.
You resist negative energy. (rN+)
You are resistant to electric shocks. (rElec)
You are resistant to unholy torment.
You are immune to petrification.
You have a pair of small horns on your head.
You are partially covered in iridescent scales. (AC +2)


Message History

Nothing appears to happen.
Pikel says, "Antaeus said I was his favorite kobold.
Me!"
Pikel hits you with a +1 whip of flaming!
Pikel burns you.
Pikel cracks his whip.
A scorpion comes into view.
Pikel says, "Asmodeus and me are pals.
He gave me this whip."
There is a stone staircase leading up here.
Pikel hits you with a +1 whip of flaming!
Pikel burns you.
Your magical contamination has completely faded away.
You climb upwards.
Level annotation: 3 runed translucent doors, ytrimaz's ghost, amateur DENe
There is a stone staircase leading down here.
Unknown command.
Pikel hits you with a +1 whip of flaming.
* * * LOW HITPOINT WARNING * * *
Pikel burns you.
* * * LOW HITPOINT WARNING * * *
Unknown command.
Really walk into that dispersal trap?
You enter a dispersal trap!
Pikel blinks! x2; You blink.
Unknown command.
Casting: Stone Arrow (dangerous; 3% risk of failure)
Confirm with . or Enter, or press ? or * to list all spells.
Okay, then.
It was a potion of attraction.
You feel attractive to monsters.
Unknown command.
It was a potion of mutation.
You feel extremely strange. A pair of horns grows on your head!
Iridescent scales grow over part of your body.
Pikel barely misses you.
Unknown command.
It was a potion of cancellation.
Your magical effects are unravelling.
You feel magically purged.
The sentinel's mark upon you fades away.
Pikel hits you with a +1 whip of flaming!
You die...

#......# #.###...#..###
#......# #..........# ########
######.##### ############## #.#
#............# #.# #
#............###.##### ####
#........^...##......# ≈≈≈##
#............#.......# ≈≈≈≈#
#......@K....#.......# ≈∩≈≈#
#.......>....#.......# ≈.≈≈#
#............#.......# ≈.≈##
#............'.......# ..##
#............##......# ..#
#######.....###......# ######
#.....# #......#
.....###########.....###......#
.....#........................#


You could see Pikel.

Vanquished Creatures
  An ogre (D:4)
  2 phantoms (D:4)
  2 lemures
  3 scorpions
  A hound (D:5)
  A centaur skeleton (D:4)
  An orc priest (D:3)
  A gnoll shaman (D:5)
  Terence (D:2)
  2 iguanas
  3 gnolls
  6 adders
  A worm (D:4)
  A dart slug (D:3)
  4 orcs
  10 endoplasms
  2 giant cockroaches
  5 hobgoblins
  2 jackals (D:3)
  5 kobolds
  4 quokkas
  3 ball pythons
  4 bats
  3 frilled lizards (D:1)
  4 goblins
  5 rats
77 creatures vanquished.

Notes
Turn   | Place    | Note
-------+----------+-------------------------------------------
     0 | D:1      | bellsore the Gargoyle Earth Elementalist began the quest
                  | for the Orb.
     0 | D:1      | Reached XP level 1. HP: 10/10 MP: 3/3
   176 | D:1      | Reached XP level 2. HP: 6/15 MP: 0/5
   430 | D:1      | Reached skill level 1 in Conjurations
   933 | D:1      | Reached skill level 4 in Earth Magic
  1672 | D:2      | Reached XP level 3. HP: 15/19 MP: 6/6
  1679 | D:2      | Learned a level 3 spell: Stone Arrow
  2706 | D:2      | Reached XP level 4. HP: 24/24 MP: 8/8
  2730 | D:2      | Noticed Terence
  3225 | D:2      | Killed Terence
  3924 | D:3      | Found a faded altar of an unknown god.
  4349 | D:3      | Reached XP level 5. HP: 23/28 MP: 2/9
  4666 | D:3      | Found a runed translucent door.
  4667 | D:3      | Noticed Crazy Yiuf
  4792 | D:4      | Reached skill level 5 in Earth Magic
  5040 | D:4      | Noticed an ogre
  5078 | D:4      | Killed an ogre
  5079 | D:4      | Reached XP level 6. HP: 32/32 MP: 4/11
  5393 | D:4      | Noticed a yak
  5395 | D:4      | Noticed ytrimaz's ghost (amateur DENe)
  5563 | D:4      | Found a runed translucent gate.
  5563 | D:4      | Found a runed translucent gate.
  5563 | D:4      | Found a runed translucent gate.
  5621 | D:4      | Reached skill level 6 in Earth Magic
  5675 | D:4      | Found Diclos's Armour Boutique.
  5688 | D:4      | Found Hereisch's Antique Weapon Shoppe.
  5979 | D:4      | Reached XP level 7. HP: 36/36 MP: 6/13
  6034 | D:4      | Found Lyroem's Assorted Antiques.
  6157 | D:5      | Entered Level 5 of the Dungeon
  6609 | D:5      | Noticed Pikel
  6721 | D:5      | Reached skill level 5 in Conjurations
  6893 | D:4      | Gained mutation: You have a pair of small horns on your
                  | head. [potion of mutation]
  6893 | D:4      | Gained mutation: You are partially covered in iridescent
                  | scales. (AC +2) [potion of mutation]
  6894 | D:4      | Slain by Pikel

Illustrated notes

Levels and vault maps discovered:
D:1:      dpeg_arrival_stone_temple_mockup, layout_loops_ring,
          amethyst_killhole, minivault_5
D:2:      layout_loops_corners, uniq_terence
D:3:      layout_basic, basic_ecumenical_altar, uniq_crazy_yiuf_cottage
D:4:      layout_basic, serial_shops, nicolae_take_the_stairs,
          kennysheep_mini_moat, nicolae_shop_waterfront, gammafunk_ghost_split
D:5:      layout_rooms, nicolae_ashenzari_panopticon, uniq_menkaure, uniq_pikel

Skill      XL: |  1  2  3  4  5  6  7 |
---------------+----------------------+-----
Conjurations   | 1 2 3 4 5 |  5.1
Earth Magic    | 4 5 6 |  6.8
Spellcasting   | 3 4 |  4.7
Dodging        | |  1.5
Stealth        | |  2.1
Transmutations | |  0.7

Action                   |  1- 3 |  4- 6 |  7- 9 || total
-------------------------+-------+-------+-------++-------
Melee: Whip              |    63 |       |       ||    63
       Mace              |    41 |    35 |       ||    76
       Trident           |       |    27 |    13 ||    40
 Cast: Sandblast         |    12 |    33 |    11 ||    56
       Stone Arrow       |       |    17 |    13 ||    30
  Use: Potion            |       |       |     3 ||     3
 Stab: Sleeping          |    11 |       |     1 ||    12
       Distracted        |       |     1 |       ||     1
Armor: Robe              |    51 |    30 |    10 ||    91
Dodge: Dodged            |    82 |    63 |    18 ||   163

Table legend: (Time is in decaauts)
 A = Elapsed time spent in this place.
 B = Non-inter-level travel time spent in this place.
 C = Inter-level travel time spent in this place.
 D = Time resting spent in this place.
 E = Time spent auto-exploring this place.
 F = Levels seen in this place.
 G = Mean time per level.
                   A        B        C        D        E       F      G
               +--------+--------+--------+--------+--------+-----+--------+
         Total |   6952 |   6711 |    241 |   2442 |   3277 |   5 | 1390.4 |
       Dungeon |   6952 |   6711 |    241 |   2442 |   3277 |   5 | 1390.4 |
               +--------+--------+--------+--------+--------+-----+--------+

Top non-repeatable levels by time:
     D:1: 2053 daAuts
     D:2: 1688 daAuts
     D:4: 1680 daAuts
     D:3: 1332 daAuts
     D:5: 198 daAuts
